AoeStats
← horaciogiurisaravia

Black Forest

509472492Analyzed
2v2 RM · 6d ago on Sep 26, 2026· 54m 20s· 4 players
Game mode
Random Map
Map size
Medium (4 player)
Population
200
Speed
Normal
Resources
Standard
Victory
Conquest
Starting age
Dark Age
Ending age
Imperial Age
RankedLock teamsTeams togetherTeam positionsShared explorationLock speedFull tech treeHidden civsTurbo modeCheats
Victory
Defeat
🇹🇼 Hindustanis · Taiwan
910
+24
🇺🇸 Georgians · United States
867
+16
🇦🇷 Koreans · Argentina
908
-27
🇦🇷 Persians · Argentina
831
-14
Zanarkand
0:30 Loom
11:49 Feudal Age
13:39 Double-Bit Axe
17:37 Castle Age
16:32 Fletching
21:25 Horse Collar
26:22 Wheelbarrow
26:47 Town Watch
27:04 Gold Mining
28:17 Heavy Plow
29:21 Bow Saw
29:10 Fishing Lines
31:48 Hand Cart
31:45 Stone Mining
32:04 Town Patrol
32:44 Fortified Wall
32:45 Gillnets
33:51 Masonry
36:47 Imperial Age
35:13 Bodkin Arrow
35:42 Ballistics
36:26 Stone Shaft Mining
36:29 Pikeman
37:09 Squires
36:55 Arson
37:25 Forging
37:16 Scale Mail Armor
37:21 Scale Barding Armor
37:41 Elite Monaspa
38:27 Aznauri Cavalry
38:28 Svan Towers
39:15 Crop Rotation
38:59 Bloodlines
38:14 Halberdier
38:39 Gambesons
39:31 Architecture
39:40 Parthian Tactics
39:58 Iron Casting
38:57 Heavy Cavalry Archer
39:56 Husbandry
39:19 Light Cavalry
40:25 Chain Barding Armor
41:26 Chemistry
40:46 Chain Mail Armor
40:01 Elite Skirmisher
42:09 Hoardings
41:56 Conscription
42:41 Blast Furnace
41:12 Hussar
42:19 Siege Engineers
42:59 Plate Barding Armor
43:01 Murder Holes
43:11 Padded Archer Armor
44:40 Bracer
46:38 Plate Mail Armor
48:30 Leather Archer Armor
49:53 Caravan
50:20 Onager
Sefton OY
1:30 Loom
15:26 Feudal Age
18:09 Wheelbarrow
17:21 Double-Bit Axe
18:42 Gold Mining
19:20 Horse Collar
20:01 Town Watch
24:07 Castle Age
23:34 Forging
23:29 Scale Barding Armor
23:38 Fletching
25:43 Hand Cart
25:28 Town Patrol
25:26 Fishing Lines
26:33 Bow Saw
29:09 Gold Shaft Mining
28:24 Stone Mining
29:04 Husbandry
29:14 Bloodlines
30:23 Heavy Plow
31:08 Iron Casting
30:53 Chain Barding Armor
30:29 Bodkin Arrow
30:35 Padded Archer Armor
32:11 Coinage
31:41 Caravan
34:55 Imperial Age
34:35 Light Cavalry
35:29 Masonry
35:39 Ballistics
35:30 Fortified Wall
35:17 Murder Holes
35:24 Scale Mail Armor
35:40 Leather Archer Armor
35:28 Squires
34:48 Pikeman
35:16 Arson
35:42 Thumb Ring
36:06 Conscription
37:28 Two-Man Saw
37:10 Stone Shaft Mining
36:38 Heavy Camel Rider
38:15 Grand Trunk Road
38:18 Shatagni
38:05 Imperial Camel Rider
38:11 Elite Skirmisher
39:54 Chemistry
39:12 Clinker Construction
39:25 Chain Mail Armor
40:11 Blast Furnace
39:26 Chain Mail Armor
39:36 Hussar
41:59 Plate Barding Armor
42:24 Blast Furnace
41:26 Bracer
41:57 Ring Archer Armor
44:57 Ring Archer Armor
45:19 Siege Elephant
47:32 Hoardings
48:44 Onager
53:31 Banking
54:33 Redemption
54:34 Fervor
54:46 Sanctity
54:26 Devotion
54:52 Illumination
54:38 Siege Engineers
54:24 Guard Tower
54:55 Carvel Hull
Aron Vikingo
3:31 Loom
12:30 Feudal Age
13:00 Double-Bit Axe
19:51 Castle Age
18:19 Horse Collar
19:34 Fletching
27:44 Heavy Plow
29:50 Wheelbarrow
29:03 Town Watch
31:18 Hand Cart
31:50 Ballistics
31:40 Gold Mining
32:06 Bow Saw
33:10 Caravan
36:44 Imperial Age
34:48 Murder Holes
35:05 Fervor
35:01 Town Patrol
36:16 Eupseong
36:15 Bodkin Arrow
36:32 Forging
37:10 Thumb Ring
36:28 Elite Skirmisher
36:29 Crossbowman
36:32 Light Cavalry
37:13 Husbandry
37:15 Squires
38:34 Chemistry
38:42 Gold Shaft Mining
38:25 Husbandry
38:34 Bracer
38:29 Elite War Wagon
39:32 Conscription
40:01 Stone Mining
40:50 Iron Casting
40:21 Scale Barding Armor
40:17 Scale Mail Armor
39:40 Arbalester
39:53 Pikeman
41:03 Hussar
41:12 Halberdier
41:14 Man-at-Arms
41:40 Arson
42:21 Heavy Rocket Cart
43:53 Chain Mail Armor
44:49 Elite Fire Lancer
horaciogiurisaravia
15:47 Feudal Age
16:35 Man-at-Arms
18:54 Horse Collar
20:42 Double-Bit Axe
22:31 Wheelbarrow
22:12 Gold Mining
22:13 Stone Mining
27:50 Castle Age
25:49 Fletching
26:25 Padded Archer Armor
27:23 Scale Barding Armor
28:43 Hand Cart
29:06 Caravan
29:44 Parthian Tactics
30:54 Stone Shaft Mining
30:55 Gold Shaft Mining
31:16 Kamandaran
31:44 Leather Archer Armor
32:57 Bodkin Arrow
34:01 Bow Saw
33:17 Crossbowman
36:10 Chain Barding Armor
41:24 Imperial Age
39:12 Heavy Plow
39:38 Murder Holes
40:05 Ballistics
39:57 Masonry
40:34 Husbandry
40:48 Bloodlines
42:58 Chemistry
42:10 Thumb Ring
42:44 Ring Archer Armor
44:49 Architecture
45:45 Two-Man Saw
45:44 Elite War Elephant
51:21 Cavalier
Connection lost

Rejoining the realm…

Still unreachable

The connection could not be restored.

Session expired

The server has moved on; the page needs a fresh start.